AoeStats
← danjo

Marketplace

504948214Analyzed
1v1 RM · 26d ago on Sep 7, 2026· 35m 9s· 2 players
Game mode
Random Map
Map size
Tiny (2 player)
Population
200
Speed
Normal
Resources
Standard
Victory
Conquest
Starting age
Dark Age
Ending age
Imperial Age
RankedLock teamsTeams togetherTeam positionsShared explorationLock speedFull tech treeHidden civsTurbo modeCheats
Victory
Defeat
🇩🇪 Malians · Germany
1018
+15
🇲🇽 Lithuanians · Mexico
1002
-15
eduardodmo
8:51 Feudal Age
7:07 Loom
20:31 Castle Age
18:14 Horse Collar
21:04 Scale Barding Armor
20:58 Double-Bit Axe
24:11 Bloodlines
24:25 Heavy Plow
24:38 Bow Saw
24:33 Husbandry
24:46 Forging
26:24 Chain Barding Armor
27:05 Gold Mining
31:12 Iron Casting
35:32 Wheelbarrow
37:35 Imperial Age
35:17 Murder Holes
35:42 Ballistics
34:51 Pikeman
35:31 Squires
danjo
9:33 Loom
11:24 Feudal Age
16:25 Castle Age
30:37 Imperial Age
28:51 Scale Barding Armor
29:01 Stone Mining
29:02 Gold Mining
29:06 Horse Collar
30:57 Chain Barding Armor
30:40 Husbandry
31:49 Heavy Camel Rider
33:07 Forging
33:57 Bloodlines
34:38 Iron Casting
Connection lost

Rejoining the realm…

Still unreachable

The connection could not be restored.

Session expired

The server has moved on; the page needs a fresh start.